 Dungeon Crawl Stone Soup version 0.30.1-9-gdf580d7c3d (webtiles) character file.

Game seed: 3594710127359913419

126 Psyclone the Stinger (level 4, -6/36 HPs)
             Began as a Deep Elf Venom Mage on Sept 25, 2023.
             Mangled by Grinder (8 damage)
             ... on level 3 of the Dungeon.
             The game lasted 00:11:05 (2644 turns).

Psyclone the Stinger (Deep Elf Venom Mage)          Turns: 2644, Time: 00:11:06

Health: -6/36      AC: 22    Str:  5    XL:     4   Next: 83%
Magic:  8/11       EV:  2    Int: 22    God:
Gold:   133        SH:  0    Dex: 15    Spells: 3/10 levels left

rFire   . . .        a - +1 dagger (elec)
rCold   . . .        (no shield)
rNeg    . . .        c - melded +0 robe
rPois   +            (helmet currently unavailable)
rElec   .            (cloak currently unavailable)
rCorr   .            (gloves currently unavailable)
SInv    .            (boots currently unavailable)
Will    .....        (no amulet)
Stlth   ++           e - +5 ring of evasion
HPRegen 0.26/turn    (no ring)
MPRegen 0.12/turn

%: no passive effects
@: brilliant, tree-form
A: stationary, stasis, torment immunity, boosted hp
a: no special abilities


You were on level 3 of the Dungeon.
You were a tree.
You visited 1 branch of the dungeon, and saw 4 of its levels.

You collected 133 gold pieces.

Inventory:

Hand Weapons
 a - a +1 dagger of electrocution (weapon)
 q - the +1 mace of Qietuadgh {flame, Stlth+}
   (You found it on level 3 of the Dungeon)

   Stlth:     It makes you more stealthy.
Missiles
 h - 3 curare-tipped darts
Armour
 c - a +0 robe (melded)
Jewellery
 e - a +5 ring of evasion (left branch)
Scrolls
 d - 2 scrolls of enchant weapon {unknown}
 f - 2 scrolls of amnesia {unknown}
 g - a scroll of teleportation {unknown}
 k - a scroll of identify {unknown}
 m - 3 scrolls of blinking {unknown}
 o - a scroll of acquirement {unknown}
Potions
 b - a potion of magic
 i - a potion of brilliance
 j - 2 potions of lignification
 l - a potion of invisibility {unknown}
 n - 2 potions of curing {unknown}
 p - 3 potions of attraction {unknown}


   Skills:
 - Level 2.4 Dodging
 - Level 2.4 Stealth
 + Level 3.5 Spellcasting
 - Level 1.1 Transmutations
 - Level 6.0 Poison Magic


You had 3 spell levels left.
You knew the following spells:

 Your Spells              Type           Power      Damage    Failure   Level
a - Poisonous Vapours     Pois/Air       50%        N/A       5%          2
v - Sting                 Tmut/Pois      100%       1d8       2%          1
x - Olgreb's Toxic Radia  Pois           45%        N/A       10%         4

Your spell library contained the following spells:

 Spells                   Type           Power      Damage    Failure   Level
 Mephitic Cloud           Conj/Pois/Air  19%        N/A       16%         3
 Portal Projectile        Hex/Tloc       10%        N/A       34%         3
 Tukima's Dance           Hex            5%         N/A       34%         3
 Anguish                  Hex/Necr       2%         N/A       75%         4
 Cause Fear               Hex            2%         N/A       75%         4
 Blade Hands              Tmut           6%         N/A       91%         5
 Enfeeble                 Hex            2%         N/A       100%        7


Dungeon Overview and Level Annotations

Branches:
Dungeon (4/15) Zot: 21335
 Temple: D:4-7

Altars:

Annotations:
D:3 Grinder, Ijyb


Message History

You can't see any susceptible monsters within range! (Use Z to cast anyway.) Unknown command.
Casting: Poisonous Vapours (safe; 5% risk of failure)
Confirm with . or Enter, or press ? or * to list all spells.
Aiming: Sting (safe; 2% risk of failure)
Press: ? - help, Shift-Dir - straight line, f - Grinder
Aim: Grinder (lightly wounded, 71% to hit)
The sting hits Grinder but does no damage.
Grinder is poisoned.
Grinder is lightly wounded.
Grinder completely misses you.
You now have 10/11 mp.
Casting: Sting (safe; 2% risk of failure)
Confirm with . or Enter, or press ? or * to list all spells.
Aiming: Sting (safe; 2% risk of failure)
Press: ? - help, Shift-Dir - straight line, f/p - Grinder
Aim: Grinder (lightly wounded, poisoned, 71% to hit)
The sting hits Grinder.
Grinder partially resists.
Grinder is lightly wounded.
Grinder misses you.
You now have 9/11 mp.
Casting: Sting (safe; 2% risk of failure)
Confirm with . or Enter, or press ? or * to list all spells.
Aiming: Sting (safe; 2% risk of failure)
Press: ? - help, Shift-Dir - straight line, f/p - Grinder
Aim: Grinder (lightly wounded, poisoned, 71% to hit)
The sting hits Grinder.
Grinder partially resists.
Grinder is lightly wounded.
Grinder hits you.
* * * LOW HITPOINT WARNING * * *
You writhe in agony.
* * * LOW HITPOINT WARNING * * *
You take 6 damage, and have 1/24 hp.
MASSIVE DAMAGE!!
You now have 8/11 mp.
It was a potion of brilliance.
You feel clever all of a sudden. Grinder barely misses you.
It was a potion of lignification.
You turn into a tree.
Your +0 robe melds into your body.
Your roots penetrate the ground.
Grinder hits you!
You die...

######### ######
#.......#######....#
##.#####.##....#5...#
.#.#...#.##....#♣...#
.+.....'..')........+
.#.#...#.##....#....#
.#.#####.##....#....#
.#.# #........#....#
##.# +........†...##
...# #....##......#
#### #....##......# #
## ##############


You could see Grinder (poisoned).

Vanquished Creatures
  An orc wizard (D:3)
  2 adders
  4 worms
  2 dart slugs
  5 orcs (D:3)
  8 ball pythons
  3 endoplasms
  3 giant cockroaches
  7 goblins
  6 hobgoblins
  5 kobolds
  2 quokkas
  4 bats
  2 frilled lizards
  4 rats
58 creatures vanquished.

Notes
Turn   | Place    | Note
-------+----------+-------------------------------------------
     0 | D:1      | Psyclone the Deep Elf Venom Mage began the quest for the
                  | Orb.
     0 | D:1      | Reached XP level 1. HP: 10/10 MP: 6/6
   279 | D:1      | Reached XP level 2. HP: 15/15 MP: 8/8
   280 | D:1      | Reached skill level 4 in Poison Magic
   299 | D:1      | Learned a level 2 spell: Poisonous Vapours
   864 | D:2      | Reached XP level 3. HP: 19/19 MP: 6/9
  1366 | D:2      | Reached skill level 5 in Poison Magic
  1457 | D:2      | You fall into a shaft and drop 2 floors!
  1472 | D:4      | Noticed an ogre
  1508 | D:3      | Reached XP level 4. HP: 6/24 MP: 6/10
  1715 | D:3      | Found a faded altar of an unknown god.
  1715 | D:3      | Noticed a Tzitzimitl
  1964 | D:3      | Noticed Ijyb
  2014 | D:3      | Reached skill level 6 in Poison Magic
  2026 | D:3      | Learned a level 4 spell: Olgreb's Toxic Radiance
  2602 | D:3      | Identified the +1 mace of Qietuadgh {flame, Stlth+}
  2613 | D:3      | Identified the +9 sling of Defiance {speed, rF+++ Will+
                  | Int-4 Dex-4}
  2615 | D:3      | Noticed Grinder
  2642 | D:3      | HP: 1/24 [Grinder (6)]
  2644 | D:3      | Mangled by Grinder

Illustrated notes

Levels and vault maps discovered:
D:1:      ncdulo_smallfort, layout_rooms
D:2:      layout_loops_ring, serial_bayou, serial_bayou_pond_e,
          serial_bayou_lagoon_a, serial_bayou_pond_c, serial_bayou_pond_d,
          minmay_split_cup_small
D:3:      minmay_skewed_foursquare, layout_basic, serial_shops,
          nicolae_shop_hallway_stairs, dreamdust_ecumenical_altar_sealed_demon,
          uniq_ijyb, uniq_grinder, uniq_natasha
D:4:      layout_basic, lemuel_tele_altar, nicolae_grassy_gnolls, uniq_pikel,
          uniq_eustachio

Skill      XL: |  1  2  3  4 |
---------------+-------------+-----
Poison Magic   | 4 5 6 |  6.0
Dodging        | |  2.4
Stealth        | |  2.4
Spellcasting   | |  3.5
Transmutations | |  1.1

Action                     |  1- 3 |  4- 6 || total
---------------------------+-------+-------++-------
  Melee: Dagger            |    67 |    48 ||   115
         Punch             |     1 |     1 ||     2
   Cast: Sting             |    14 |     4 ||    18
         Poisonous Vapours |    39 |    28 ||    67
         Olgreb's Toxic Ra |       |     1 ||     1
    Use: Potion            |       |     2 ||     2
   Stab: Sleeping          |     3 |     3 ||     6
         Distracted        |     1 |       ||     1
 Armour: Robe              |    13 |     1 ||    14
  Dodge: Dodged            |    72 |    46 ||   118
